 Dungeon Crawl Stone Soup version 0.29-a0-266-gf56f883ddd (webtiles) character file.

Game seed: 7221384567612364315

1168 ImagineBeingDrunk the Chopper (level 8, -10/68 HPs)
             Began as a Minotaur Fighter on Mar 6, 2022.
             Mangled by Edmund
             ... wielding a +2 dire flail of holy wrath
              (22 damage)
             ... on level 5 of the Dungeon.
             The game lasted 00:05:20 (4399 turns).

ImagineBeingDrunk the Chopper (Minotaur Fighter)    Turns: 4399, Time: 00:05:21

Health: -10/68     AC:  9    Str: 29    XL:     8   Next: 17%
Magic:  10/10      EV:  9    Int: 11    God:
Gold:   228        SH: 14    Dex: 10    Spells: 7/7 levels left

rFire   . . .      SeeInvis .   a - +0 war axe
rCold   . . .      Faith    .   l - +0 kite shield
rNeg    . . .      Spirit   .   b - +0 scale mail
rPois   .          Reflect  +   i - +1 hat
rElec   .          Harm     .   (no cloak)
rCorr   .          Rampage  .   (no gloves)
Will    .....                   y - +0 pair of boots
Stlth   ..........              j - amulet of reflection
HPRegen 0.21/turn               s - +6 ring of strength
MPRegen 0.12/turn               r - +6 ring of intelligence

@: no status effects
A: horns 2, retaliatory headbutt
a: no special abilities


You were on level 5 of the Dungeon.
You visited 1 branch of the dungeon, and saw 6 of its levels.

You collected 228 gold pieces.

Inventory:

Hand Weapons
 a - a +0 war axe (weapon)
Armour
 b - a +0 scale mail (worn)
 c - a +0 buckler
 i - a +1 hat (worn)
 l - a +0 kite shield (worn)
 y - a +0 pair of boots (worn)
Jewellery
 d - a ring of magical power
 j - an amulet of reflection (around neck)
 r - a +6 ring of intelligence (right hand)
 s - a +6 ring of strength (left hand)
Scrolls
 h - 8 scrolls of identify {unknown}
 m - a scroll of amnesia {unknown}
 n - a scroll of magic mapping {unknown}
 q - a scroll of teleportation {unknown}
 t - a scroll of holy word {unknown}
 u - a scroll of fear {unknown}
 v - a scroll of immolation {unknown}
 x - a scroll of summoning {unknown}
Potions
 e - a potion of mutation {unknown}
 f - a potion of brilliance {unknown}
 g - 2 potions of attraction {unknown}
 k - 2 potions of heal wounds {unknown}
 o - 2 potions of curing {unknown}
 p - a potion of flight {unknown}
 w - a potion of magic {unknown}
 z - a potion of lignification {unknown}


   Skills:
 + Level 5.3 Fighting
 + Level 7.0 Axes
 + Level 5.6 Armour
 + Level 2.1 Dodging
 + Level 0.3 Stealth
 + Level 6.0 Shields
 * Level 4.0 Invocations


You had 7 spell levels left.
You didn't know any spells.
Your spell library contained the following spells:

 Spells                   Type           Power      Damage    Failure   Level
 Animate Skeleton         Necr           0%         N/A       89%         1
 Apportation              Tloc           0%         N/A       89%         1
 Foxfire                  Conj/Fire      0%         2x1d4     89%         1
 Summon Small Mammal      Summ           0%         N/A       89%         1
 Conjure Flame            Conj/Fire      0%         6-21      99%         3
 Gell's Gravitas          Tloc           0%         N/A       99%         3
 Inner Flame              Hex/Fire       0%         N/A       99%         3
 Teleport Other           Tloc           0%         N/A       99%         3
 Flame Wave               Conj/Fire      0%         2d4       100%        4
 Fulminant Prism          Conj/Hex       0%         3d6       100%        4
 Iskenderun's Mystic Bla  Conj/Tloc      0%         2d3       100%        4
 Sticky Flame             Conj/Fire      0%         2d3       100%        4
 Lee's Rapid Deconstruct  Erth           0%         3d5*      100%        5
 Dispersal                Tloc           0%         N/A       100%        6
 Discord                  Hex            0%         N/A       100%        8


Dungeon Overview and Level Annotations

Branches:
Dungeon (6/15)
 Temple: D:4-7

Altars:
Makhleb
Trog
Wu Jian

Annotations:
D:4 3 runed translucent doors, iamserjio's ghost, novice DrFE
D:5 Edmund


Innate Abilities, Weirdness & Mutations

You have a pair of horns on your head.
You reflexively headbutt those who attack you in melee.


Message History

Iamserjio's ghost turns its malevolent gaze towards you.
Could not explore, unopened runed door.
Could not explore, unopened runed door.
Could not explore, unopened runed door.
There is a stone staircase leading down here.
You climb downwards.
There is a stone staircase leading up here.
z - a dark potion
Found a stone staircase leading down.
There is a stone staircase leading down here.
There is a stone staircase leading down here.
You now have 211 gold pieces (gained 13).
You now have 228 gold pieces (gained 17).
Edmund the Younger comes into view.
He is wielding a +2 dire flail of holy wrath.
Edmund shouts!
Edmund is nearby!
Edmund drinks a potion.
Edmund goes berserk!
You see here 16 gold pieces.
Edmund hits you but does no damage.
Edmund hits you with a +2 dire flail of holy wrath!
You closely miss Edmund. You headbutt Edmund.
Edmund is lightly wounded.
Edmund hits you with a +2 dire flail of holy wrath.
Edmund hits you with a +2 dire flail of holy wrath!
You slash Edmund! Your headbutt misses Edmund.
Edmund is moderately wounded.
You block Edmund's attack.
Edmund hits you with a +2 dire flail of holy wrath!!
Unknown command.
You slash Edmund!
Edmund is heavily wounded.
Edmund barely misses you.
Edmund hits you with a +2 dire flail of holy wrath!
* * * LOW HITPOINT WARNING * * *
Unknown command.
You barely miss Edmund.
Edmund is heavily wounded.
Edmund closely misses you.
Edmund hits you with a +2 dire flail of holy wrath!!
You die...

######### #.......# ##.####.##.#
.......>.#.# ##.##..#.#.# ##
##..#.#.# #
#.##.##########.##..#.#.#
#.#..#....$...@@..##..#.#.# #
.#.#..######..#######..#.#.#.# #
.+.....................#.#.#.####
.#.#...####.....####...#........#
.#.#...# ##...## #...#...#.##.#
.#.#...# ##.## #...#.#.#.##.#
.#.#...## #.# ##...#.#.#.##.#
.#.#....## #.# ##....###)#.##.#
.........### ..###.........#.##.#


You could see Edmund (berserk).

Vanquished Creatures
  Prince Ribbit (D:6)
  Grinder (D:3)
  A water moccasin (D:5)
  A black bear (D:6)
  An ogre (D:4)
  A centaur (D:5)
  A phantom (D:5)
  A gnoll sergeant (D:3)
  A hound (D:4)
  A jelly (D:4)
  An orc wizard (D:3)
  5 gnolls
  6 adders
  2 worms (D:3)
  7 dart slugs
  2 orcs (D:3)
  3 ball pythons
  4 bats
  4 endoplasms
  A giant cockroach (D:4)
  8 goblins
  3 hobgoblins
  12 jackals
  9 quokkas
  5 frilled lizards
  8 kobolds
  5 rats
95 creatures vanquished.

Vanquished Creatures (others)
  A wizard (D:6)
1 creature vanquished.

Grand Total: 96 creatures vanquished

Notes
Turn   | Place    | Note
-------+----------+-------------------------------------------
     0 | D:1      | ImagineBeingDrunk the Minotaur Fighter began the quest for
                  | the Orb.
     0 | D:1      | Reached XP level 1. HP: 19/19 MP: 0/0
   270 | D:1      | Reached XP level 2. HP: 27/27 MP: 1/1
   811 | D:1      | Reached XP level 3. HP: 25/33 MP: 2/2
   973 | D:2      | Reached skill level 1 in Invocations
  1038 | D:2      | Found a burning altar of Makhleb.
  1111 | D:2      | Reached skill level 3 in Axes
  1178 | D:2      | Reached XP level 4. HP: 40/40 MP: 3/3
  1543 | D:3      | You fall into a shaft and drop 3 floors!
  1551 | D:6      | Noticed Prince Ribbit
  1569 | D:6      | Killed Prince Ribbit
  1570 | D:6      | Reached skill level 4 in Axes
  1570 | D:6      | Reached skill level 1 in Dodging
  1570 | D:6      | Reached XP level 5. HP: 31/47 MP: 5/5
  1570 | D:6      | Reached XP level 6. HP: 35/53 MP: 6/6
  1714 | D:6      | Found a bloodstained altar of Trog.
  1719 | D:6      | Noticed a wizard
  1723 | D:6      | Killed a wizard
  1766 | D:6      | Reached skill level 5 in Shields
  1773 | D:5      | Entered Level 5 of the Dungeon
  1791 | D:5      | Reached skill level 5 in Axes
  1846 | D:5      | Reached XP level 7. HP: 43/60 MP: 8/8
  1998 | D:5      | Found an ornate altar of the Wu Jian Council.
  2028 | D:5      | Reached skill level 5 in Armour
  2508 | D:3      | Reached skill level 6 in Axes
  2517 | D:3      | Noticed Grinder
  2519 | D:3      | Identified the +0 ring mail of Uphoseuv {Dex+2 SInv}
  2530 | D:3      | Paralysed by Grinder for 2 turns
  2550 | D:3      | Killed Grinder
  2551 | D:3      | Reached skill level 5 in Fighting
  3214 | D:3      | Found a faded altar of an unknown god.
  3560 | D:4      | Reached XP level 8. HP: 68/68 MP: 9/9
  3705 | D:4      | Noticed iamserjio's ghost (novice DrFE)
  3736 | D:4      | Got the Volume of Captivating Attacks
  3839 | D:4      | Found a runed translucent gate.
  3839 | D:4      | Found a runed translucent gate.
  3839 | D:4      | Found a runed translucent gate.
  4054 | D:3      | Reached skill level 7 in Axes
  4389 | D:5      | Noticed Edmund
  4399 | D:5      | Mangled by Edmund

Illustrated notes

Levels and vault maps discovered:
D:1:      lightli_arrival_lavapool, layout_loops_corners
D:2:      layout_basic, basic_altar, cheibrodos_gnoll_hut
D:3:      layout_loops_ring, shapermc_ecumenical_altar_totnotflames,
          minmay_distorted, uniq_grinder
D:4:      layout_basic, gammafunk_ghost_icy
D:5:      cheibrodos_barr_body, layout_basic, nicolae_wu_jian_wuxing_cycle,
          hangedman_decor_points, uniq_crazy_yiuf_cottage, uniq_blork_the_orc,
          uniq_edmund
D:6:      layout_cave_pods, trog_wizard, grunt_ministairs_9,
          doesnt_shop_hydraphobe, uniq_prince_ribbit1

Skill      XL: |  1  2  3  4  5  6  7  8 |
---------------+-------------------------+-----
Shields        | 4 5 6 |  6.0
Armour         | 4 5 |  5.6
Fighting       | 4 5 |  5.3
Invocations    | 1 2 3 4 |  4.0
Axes           | 3 4 5 6 7 |  7.0
Dodging        | 1 2 |  2.1
Stealth        | |  0.3

Action                   |  1- 3 |  4- 6 |  7- 9 || total
-------------------------+-------+-------+-------++-------
Melee: War axe           |    74 |    36 |   124 ||   234
       Headbutt          |    10 |     4 |    18 ||    32
  Use: Potion            |       |     1 |       ||     1
Armor: Scale mail        |    33 |     9 |    38 ||    80
Dodge: Dodged            |    34 |    13 |    35 ||    82
Block: Buckler           |    46 |       |       ||    46
       Kite shield       |     3 |    28 |   115 ||   146
       Reflection        |     1 |     2 |     7 ||    10

Table legend: (Time is in decaauts)
 A = Elapsed time spent in this place.
 B = Non-inter-level travel time spent in this place.
 C = Inter-level travel time spent in this place.
 D = Time resting spent in this place.
 E = Time spent auto-exploring this place.
 F = Levels seen in this place.
 G = Mean time per level.
                   A        B        C        D        E       F      G
               +--------+--------+--------+--------+--------+-----+--------+
         Total |   4488 |   4397 |     91 |    416 |   2980 |   6 |  748.0 |
       Dungeon |   4488 |   4397 |     91 |    416 |   2980 |   6 |  748.0 |
               +--------+--------+--------+--------+--------+-----+--------+

Top non-repeatable levels by time:
     D:4: 1088 daAuts
     D:1: 984 daAuts
     D:3: 948 daAuts
     D:2: 748 daAuts
     D:5: 485 daAuts
     D:6: 233 daAuts
